 Dungeon Crawl Stone Soup version 0.30-a0-830-gfe289a77b0 (webtiles) character file.

Game seed: 7733433909471132883

423 Pimp the Trooper (level 6, -4/73 HPs)
             Began as a Demonspawn Berserker on Feb 28, 2023.
             Was a Believer of Trog.
             Succumbed to a gnoll sergeant's poison
             ... on level 3 of the Dungeon.
             The game lasted 00:07:01 (2675 turns).

Pimp the Trooper (Demonspawn Berserker)             Turns: 2675, Time: 00:07:02

Health: -4/73      AC:  9    Str: 19    XL:     6   Next: 63%
Magic:  6/6        EV: 11    Int:  8    God:    Trog [**....]
Gold:   124        SH:  0    Dex: 13    Spells: 5/5 levels left

rFire   . . .      SeeInvis .    a - +0 hand axe
rCold   . . .      Faith    .    (no shield)
rNeg    . . .      Spirit   .    h - +0 scale mail
rPois   .          Reflect  .    m - +1 helmet
rElec   .          Harm     .    (no cloak)
rCorr   .          Rampage  .    (no gloves)
Will    .....                    (no boots) Stlth
                                 (no amulet)
HPRegen 0.32/turn                (no ring)
MPRegen 0.10/turn                (no ring)

@: berserking, lethally poisoned (-4 -> -33), very quick
A: hooves 1, demonic magic 2
a: Renounce Religion, Berserk, Trog's Hand


You were on level 3 of the Dungeon.
You worshipped Trog.
Trog was pleased with you.
You visited 1 branch of the dungeon, and saw 3 of its levels.

You collected 124 gold pieces.

Inventory:

Hand Weapons
 a - a +0 hand axe (weapon)
Armour
 b - a +0 animal skin
 h - a +0 scale mail (worn)
 m - a +1 helmet (worn)
Scrolls
 f - a scroll of silence {unknown}
 g - 5 scrolls of poison {unknown}
 l - a scroll of fear {unknown}
 n - 2 scrolls of enchant weapon {unknown}
 o - 4 scrolls of identify {unknown}
 q - a scroll of fog {unknown}
Potions
 i - a potion of ambrosia {unknown}
 j - 3 potions of curing {unknown}
 k - a potion of degeneration {unknown}
 p - 2 potions of invisibility {unknown}
 r - 2 potions of mutation {unknown}
 s - a potion of attraction {unknown}


   Skills:
 + Level 4.5 Fighting
 + Level 4.1 Axes
 + Level 3.5 Armour
 + Level 3.5 Dodging


You had 5 spell levels left.
You didn't know any spells.
Your spell library was empty.

Dungeon Overview and Level Annotations

Branches:
Dungeon (3/15)

Altars:


Innate Abilities, Weirdness & Mutations

You have large cloven feet.
Spells you cast may paralyse nearby enemies.


Message History

A gnoll sergeant comes into view. It is wielding a +0 spear of venom.
The gnoll sergeant misses you.
You hit the gnoll sergeant.
The gnoll sergeant is lightly wounded.
The gnoll sergeant hits you with a +0 spear of venom.
You are poisoned.
You hit the gnoll sergeant but do no damage.
The gnoll sergeant is lightly wounded.
You feel sick.
The gnoll sergeant hits you with a +0 spear of venom!
You are lethally poisoned!
You barely miss the gnoll sergeant. You punch the gnoll sergeant.
The gnoll sergeant is lightly wounded.
You feel extremely sick.
The gnoll sergeant hits you with a +0 spear of venom.
You hit the gnoll sergeant but do no damage.
The gnoll sergeant is lightly wounded.
* * * LOW HITPOINT WARNING * * *
You feel very sick.
The gnoll sergeant hits you but does no damage.
It was a potion of cancellation.
You feel magically purged.
* * * LOW HITPOINT WARNING * * *
You feel very sick. The gnoll sergeant barely misses you.
A red film seems to cover your vision as you go berserk!
You feel yourself moving faster!
You feel mighty!
* * * LOW HITPOINT WARNING * * *
You feel very sick.
The gnoll sergeant hits you but does no damage.
You are more poisoned.
You hit the gnoll sergeant.
The gnoll sergeant is heavily wounded.
* * * LOW HITPOINT WARNING * * *
You feel very sick.
The gnoll sergeant hits you with a +0 spear of venom.
* * * LOW HITPOINT WARNING * * *
You are more poisoned.
You closely miss the gnoll sergeant. Your kick misses the gnoll sergeant.
The gnoll sergeant is heavily wounded.
You die...

#.# ♣..... #.#
♣....♣ #.# .)).. #.#
...♣ ###.# ...
....###########.####
.##................#
.##.##†##.##...g##.#
.##.............@..#
.##.##.............#
.##..........#.#####
....##.....###.#
.#####.....# #.# ##
##...## #.# .... ..
.#


You could see a gnoll sergeant.

Vanquished Creatures
  Sigmund (D:2)
  A scorpion (D:3)
  2 orc priests (D:3)
  Jessica (D:2)
  2 gnolls (D:3)
  4 adders
  A worm (D:2)
  2 dart slugs (D:2)
  6 orcs (D:3)
  6 bats
  8 endoplasms
  A giant cockroach (D:2)
  3 hobgoblins
  6 jackals
  A quokka (D:3)
  5 ball pythons
  2 frilled lizards
  3 goblins
  5 kobolds
  5 rats
65 creatures vanquished.

Vanquished Creatures (others)
  3 demonic plants (D:3)
  3 fungi (D:3)
  4 withered plants (D:3)
10 creatures vanquished.

Grand Total: 75 creatures vanquished

Notes
Turn   | Place    | Note
-------+----------+-------------------------------------------
     0 | D:1      | Pimp the Demonspawn Berserker began the quest for the Orb.
     0 | D:1      | Reached XP level 1. HP: 18/18 MP: 1/1
   479 | D:1      | Gained mutation: Spells you cast may paralyse adjacent
                  | enemies. [demonic ancestry]
   479 | D:1      | Reached XP level 2. HP: 24/24 MP: 2/2
   671 | D:2      | Noticed Sigmund
   687 | D:2      | Killed Sigmund
   688 | D:2      | Gained mutation: You have large cloven feet. [demonic
                  | ancestry]
   688 | D:2      | Reached XP level 3. HP: 8/30 MP: 3/3
   688 | D:2      | Reached XP level 4. HP: 10/37 MP: 4/4
   688 | D:2      | Gained mutation: Spells you cast may paralyse nearby
                  | enemies. [demonic ancestry]
   688 | D:2      | Reached XP level 5. HP: 11/42 MP: 5/5
  1047 | D:2      | Reached ** piety under Trog
  1460 | D:2      | Noticed Jessica
  1465 | D:2      | Killed Jessica
  1763 | D:3      | Found a faded altar of an unknown god.
  1836 | D:3      | Reached XP level 6. HP: 18/48 MP: 6/6
  2674 | D:3      | HP: 1/73 [gnoll sergeant/+0 spear of venom (3)]
  2675 | D:3      | Succumbed to a gnoll sergeant's poison

Illustrated notes

Levels and vault maps discovered:
D:1:      mainiacjoe_arrival_reflecting_pool, layout_loops_ring
D:2:      layout_basic, uniq_sigmund, uniq_jessica
D:3:      layout_basic, shapermc_ecumenical_altar_gd,
          pf_guarded_unrand_woodcutter

Skill      XL: |  1  2  3  4  5  6 |
---------------+-------------------+-----
Armour         | 2 3 |  3.5
Dodging        | 2 3 |  3.5
Axes           | 3 4 |  4.1
Fighting       | 4 |  4.5

Action                     |  1- 3 |  4- 6 || total
---------------------------+-------+-------++-------
  Melee: Hand axe          |    31 |   166 ||   197
         Kick              |       |    43 ||    43
         Punch             |       |     1 ||     1
 Invoke: Berserk           |     1 |     2 ||     3
    Use: Scroll            |       |     2 ||     2
         Potion            |       |     1 ||     1
 Armour: Animal skin       |     3 |       ||     3
         Scale mail        |     3 |   100 ||   103
  Dodge: Dodged            |    14 |   122 ||   136

Table legend: (Time is in decaauts)
 A = Elapsed time spent in this place.
 B = Non-inter-level travel time spent in this place.
 C = Inter-level travel time spent in this place.
 D = Time resting spent in this place.
 E = Time spent auto-exploring this place.
 F = Levels seen in this place.
 G = Mean time per level.
                   A        B        C        D        E       F      G
               +--------+--------+--------+--------+--------+-----+--------+
         Total |   2712 |   2644 |     68 |    392 |   1738 |   3 |  904.0 |
       Dungeon |   2712 |   2644 |     68 |    392 |   1738 |   3 |  904.0 |
               +--------+--------+--------+--------+--------+-----+--------+

Top non-repeatable levels by time:
     D:2: 1112 daAuts
     D:3: 932 daAuts
     D:1: 668 daAuts
